AoeStats
← HELGE!!!!!!!!!!!

Oasis

509189550Analyzed
4v4 RM · 6d ago on Sep 25, 2026· 21m 11s· 8 players
Game mode
Random Map
Map size
Large (8 player)
Population
200
Speed
Normal
Resources
Standard
Victory
Conquest
Starting age
Dark Age
Ending age
Imperial Age
RankedLock teamsTeams togetherTeam positionsShared explorationLock speedFull tech treeHidden civsTurbo modeCheats
Victory
Defeat
🇸🇪 Persians · Sweden
1322
+15
🇸🇪 Magyars · Sweden
1303
+16
🇸🇪 Cumans · Sweden
1283
+16
🇸🇪 Romans · Sweden
1259
+17
🇨🇭 Burmese · Switzerland
1325
-17
🇹🇷 Saracens · Türkiye
1297
-16
🇫🇷 Cumans · France
1296
-16
🇺🇸 Shu · United States
1259
-15
chillysloth
12:10 Feudal Age
19:23 Fletching
Adrien
7:23 Loom
10:18 Feudal Age
11:32 Double-Bit Axe
20:00 Castle Age
18:59 Gold Mining
19:29 Scale Barding Armor
20:42 Bloodlines
Mustafa
11:16 Feudal Age
15:33 Castle Age
14:33 Forging
15:15 Loom
17:16 Horse Collar
ChickenHunter
9:57 Feudal Age
8:12 Loom
10:24 Horse Collar
11:52 Man-at-Arms
19:46 Wheelbarrow
Kaos1000
10:25 Feudal Age
11:05 Double-Bit Axe
19:17 Castle Age
17:02 Horse Collar
18:55 Loom
HELGE!!!!!!!!!!!
6:40 Loom
9:22 Feudal Age
10:09 Double-Bit Axe
21:05 Castle Age
20:35 Bloodlines
21:16 Fletching
Kent-Agent
7:42 Loom
10:52 Feudal Age
11:39 Horse Collar
11:58 Double-Bit Axe
14:37 Scale Barding Armor
14:42 Forging
19:58 Castle Age
18:16 Stone Mining
19:34 Wheelbarrow
19:03 Gold Mining
Tore Nuke
6:46 Loom
9:14 Feudal Age
9:41 Man-at-Arms
14:22 Double-Bit Axe
15:09 Forging
15:30 Scale Mail Armor
16:08 Horse Collar
Connection lost

Rejoining the realm…

Still unreachable

The connection could not be restored.

Session expired

The server has moved on; the page needs a fresh start.